TOP OF THE 1ST |
Columbus Reds batting - Pitching for Canton Indians : RHP John Bychyk
|
Pitching: RHP John Bychyk
|
|
Batting: RHB Randy Grewe
|
0-0: Ball 1-0: Ball 2-0: Foul Ball, location: 2F 2-1: Foul Ball, location: 2F 2-2: Ball 3-2: Foul Ball, location: 2F 3-2: Ground out 5-3 (Groundball, 56, EV 82.5 MPH)
|
Batting: RHB Jonathan Davis
|
0-0: Ball 1-0: SINGLE (Groundball, 4MD, EV 106.9 MPH)
|
Batting: LHB Jamie Spangenberg
|
0-0: Swinging Strike 0-1: Ball 1-1: Foul Ball, location: 2F 1-2: Ball 2-2: Fly out, F7 (Line Drive, 7D, EV 93.1 MPH)
|
Batting: RHB Mark Williams
|
0-0: Called Strike 0-1: Foul Ball, location: 2F 0-2: Ball 1-2: Ball 2-2: Ground out U3 (Groundball, 3S, EV 80.0 MPH)
|
Top of the 1st over - 0 runs, 1 hit, 0 errors, 1 left on base; Columbus 0 - Canton 0 |
BOTTOM OF THE 1ST |
Canton Indians batting - Pitching for Columbus Reds : RHP Gil Villanueva
|
Pitching: RHP Gil Villanueva
|
|
Batting: RHB George Wagner
|
0-0: Ball 1-0: Ball 2-0: Ground out 4-3 (Groundball, 4, EV 89.4 MPH)
|
Batting: RHB Aaron Stout
|
0-0: Called Strike 0-1: Foul Ball, location: 2F 0-2: Strikes out swinging
|
Batting: RHB Adam McMillen
|
0-0: Ball 1-0: Ball 2-0: Called Strike 2-1: Swinging Strike 2-2: Strikes out looking
|
Bottom of the 1st over - 0 runs, 0 hits, 0 errors, 0 left on base; Columbus 0 - Canton 0 |
TOP OF THE 2ND |
Columbus Reds batting - Pitching for Canton Indians : RHP John Bychyk
|
Batting: RHB Alex Juarez
|
0-0: Called Strike 0-1: Ball 1-1: SINGLE (Line Drive, 5D, EV 95.6 MPH)
|
Batting: SHB Cesar Pelayo
|
0-0: Ball 1-0: Called Strike 1-1: Called Strike 1-2: Foul Ball, location: 2F 1-2: Ball 2-2: Strikes out swinging
|
Batting: RHB Alex Villagomez
|
0-0: Ball 1-0: Foul Ball, location: 2F 1-1: Ball 2-1: Foul Ball, location: 2F 2-2: 2-RUN HOME RUN (Flyball, 7D, EV 95.6 MPH), Distance : 376 ft
|
Batting: LHB Mike Becerra
|
0-0: Ball 1-0: Fly out, F7 (Flyball, 7D, EV 97.5 MPH)
|
Batting: RHB Cornholdo Schwerin
|
0-0: Ground out 4-3 (Groundball, 4, EV 88.8 MPH)
|
Top of the 2nd over - 2 runs, 2 hits, 0 errors, 0 left on base; Columbus 2 - Canton 0 |
BOTTOM OF THE 2ND |
Canton Indians batting - Pitching for Columbus Reds : RHP Gil Villanueva
|
Batting: RHB Justin Young
|
0-0: Swinging Strike 0-1: Called Strike 0-2: Ball 1-2: Ball 2-2: Foul Ball, location: 2F 2-2: Strikes out swinging
|
Batting: SHB Luis de Leon
|
0-0: Ball 1-0: Foul Ball, location: 2F 1-1: Fly out, F5 (Popup, 5S, EV 73.8 MPH)
|
Batting: LHB Sergei Stefanov
|
0-0: Ball 1-0: Fly out, F8 (Flyball, 8RD, EV 105.0 MPH)
|
Bottom of the 2nd over - 0 runs, 0 hits, 0 errors, 0 left on base; Columbus 2 - Canton 0 |
TOP OF THE 3RD |
Columbus Reds batting - Pitching for Canton Indians : RHP John Bychyk
|
Batting: RHB Randy Grewe
|
0-0: Fly out, F7 (Flyball, 7D, EV 93.8 MPH)
|
Batting: RHB Jonathan Davis
|
0-0: Ball 1-0: Ground out 6-3 (Groundball, 56, EV 111.2 MPH)
|
Batting: LHB Jamie Spangenberg
|
0-0: Called Strike 0-1: Swinging Strike 0-2: Strikes out swinging
|
Top of the 3rd over - 0 runs, 0 hits, 0 errors, 0 left on base; Columbus 2 - Canton 0 |
BOTTOM OF THE 3RD |
Canton Indians batting - Pitching for Columbus Reds : RHP Gil Villanueva
|
Batting: RHB Patrick Pinault
|
0-0: Called Strike 0-1: Called Strike 0-2: Strikes out swinging
|
Batting: RHB Tony Gonzales
|
0-0: Ball 1-0: Ground out 6-3 (Groundball, 6, EV 106.2 MPH)
|
Batting: LHB Mario Garza
|
0-0: SINGLE (Flyball, 3D, EV 95.0 MPH)
|
Batting: RHB George Wagner
|
0-0: Foul Ball, location: 2F 0-1: Called Strike 0-2: Fielders Choice at 2nd, 6-4 (Groundball, 6, EV 85.6 MPH)
|
Bottom of the 3rd over - 0 runs, 1 hit, 0 errors, 1 left on base; Columbus 2 - Canton 0 |
TOP OF THE 4TH |
Columbus Reds batting - Pitching for Canton Indians : RHP John Bychyk
|
Batting: RHB Mark Williams
|
0-0: Fly out, F8 (Flyball, 8LXD, EV 74.4 MPH)
|
Batting: RHB Alex Juarez
|
0-0: Ball 1-0: Ball 2-0: Ball 3-0: Base on Balls
|
Batting: SHB Cesar Pelayo
|
0-0: Foul Ball, location: 2F 0-1: Called Strike 0-2: Ball 1-2: Foul Ball, location: 2F 1-2: Ball 2-2: Ball 3-2: Grounds into double play, 4-6-3 (Groundball, 4, EV 91.2 MPH)
|
Top of the 4th over - 0 runs, 0 hits, 0 errors, 0 left on base; Columbus 2 - Canton 0 |
BOTTOM OF THE 4TH |
Canton Indians batting - Pitching for Columbus Reds : RHP Gil Villanueva
|
Batting: RHB Aaron Stout
|
0-0: Ball 1-0: Swinging Strike 1-1: Swinging Strike 1-2: Strikes out looking
|
Batting: RHB Adam McMillen
|
0-0: Foul Ball, location: 2F 0-1: Ball 1-1: Called Strike 1-2: Fly out, F9 (Flyball, 89M, EV 80.6 MPH)
|
Batting: RHB Justin Young
|
0-0: Ball 1-0: Ball 2-0: Foul Ball, location: 2F 2-1: SINGLE (Groundball, 6MD, EV 95.0 MPH)
|
Batting: SHB Luis de Leon
|
0-0: SINGLE (Line Drive, 8RS, EV 101.2 MPH) Justin Young to second
|
Batting: LHB Sergei Stefanov
|
0-0: Ball 1-0: Ball 2-0: DOUBLE (Line Drive, 7LS, EV 96.2 MPH) Justin Young scores Luis de Leon to third
|
Batting: RHB Patrick Pinault
|
0-0: Foul Ball, location: 2F 0-1: Called Strike 0-2: Ball 1-2: Fly out, F7 (Flyball, 7LD, EV 95.6 MPH)
|
Bottom of the 4th over - 1 run, 3 hits, 0 errors, 2 left on base; Columbus 2 - Canton 1 |
TOP OF THE 5TH |
Columbus Reds batting - Pitching for Canton Indians : RHP John Bychyk
|
Batting: RHB Alex Villagomez
|
0-0: Swinging Strike 0-1: Ball 1-1: Fly out, F9 (Flyball, 9D, EV 101.2 MPH)
|
Batting: LHB Mike Becerra
|
0-0: Ground out 4-3 (Groundball, 4, EV 100.0 MPH)
|
Batting: RHB Cornholdo Schwerin
|
0-0: Ground out 5-3 (Groundball, 56, EV 105.0 MPH)
|
Top of the 5th over - 0 runs, 0 hits, 0 errors, 0 left on base; Columbus 2 - Canton 1 |
BOTTOM OF THE 5TH |
Canton Indians batting - Pitching for Columbus Reds : RHP Gil Villanueva
|
Batting: RHB Tony Gonzales
|
0-0: Ball 1-0: Swinging Strike 1-1: Foul Ball, location: 2F 1-2: Ball 2-2: Strikes out swinging
|
Batting: LHB Mario Garza
|
0-0: Ball 1-0: Ball 2-0: Ball 3-0: Called Strike 3-1: Called Strike 3-2: Foul Ball, location: 2F 3-2: Foul Ball, location: 2F 3-2: Strikes out swinging
|
Batting: RHB George Wagner
|
0-0: Called Strike 0-1: Swinging Strike 0-2: Ball 1-2: Strikes out swinging
|
Bottom of the 5th over - 0 runs, 0 hits, 0 errors, 0 left on base; Columbus 2 - Canton 1 |
TOP OF THE 6TH |
Columbus Reds batting - Pitching for Canton Indians : RHP John Bychyk
|
Batting: RHB Randy Grewe
|
0-0: SINGLE (Flyball, 4MD, EV 86.9 MPH)
|
Batting: RHB Jonathan Davis
|
0-0: Grounds into double play, 5-4-3 (Groundball, 5, EV 88.1 MPH)
|
Batting: LHB Jamie Spangenberg
|
0-0: Ball 1-0: Ball 2-0: SOLO HOME RUN (Flyball, 89XD, EV 115.6 MPH), Distance : 422 ft
|
Batting: RHB Mark Williams
|
0-0: SINGLE (Line Drive, 34D, EV 99.4 MPH)
|
Batting: RHB Alex Juarez
|
0-0: Foul Ball, location: 2F 0-1: SINGLE (Line Drive, 89S, EV 113.1 MPH) Mark Williams to second
|
Batting: SHB Cesar Pelayo
|
0-0: Ball 1-0: Fielders Choice at 2nd, 6-4 (Groundball, 6, EV 85.0 MPH)
|
Top of the 6th over - 1 run, 4 hits, 0 errors, 2 left on base; Columbus 3 - Canton 1 |
BOTTOM OF THE 6TH |
Canton Indians batting - Pitching for Columbus Reds : RHP Gil Villanueva
|
Batting: RHB Aaron Stout
|
0-0: Ball 1-0: SINGLE (Groundball, 56D, EV 95.6 MPH)
|
Batting: RHB Adam McMillen
|
0-0: Ball 1-0: Foul Ball, location: 2F 1-1: Foul Ball, location: 2F 1-2: Ball 2-2: Strikes out swinging
|
Batting: RHB Justin Young
|
0-0: Ball 1-0: Called Strike 1-1: Foul Ball, location: 2F 1-2: Foul Ball, location: 2F 1-2: Strikes out swinging
|
Batting: SHB Luis de Leon
|
0-0: Ball 1-0: Called Strike 1-1: Called Strike 1-2: Foul Ball, location: 2F 1-2: Strikes out swinging
|
Bottom of the 6th over - 0 runs, 1 hit, 0 errors, 1 left on base; Columbus 3 - Canton 1 |
TOP OF THE 7TH |
Columbus Reds batting - Pitching for Canton Indians : RHP John Bychyk
|
Batting: RHB Alex Villagomez
|
0-0: Ball 1-0: Ground out 6-3 (Groundball, 6S, EV 86.2 MPH)
|
Batting: LHB Mike Becerra
|
0-0: Ball 1-0: Ball 2-0: Ball 3-0: Base on Balls
|
Batting: RHB Cornholdo Schwerin
|
0-0: SINGLE (Line Drive, 78S, EV 105.0 MPH) Mike Becerra to second
|
Batting: RHB Randy Grewe
|
0-0: Ball 1-0: Foul Ball, location: 2F 1-1: Swinging Strike 1-2: Foul Ball, location: 2F 1-2: Ball 2-2: Ball 3-2: Foul Ball, location: 2F 3-2: DOUBLE (Line Drive, 78D, EV 101.2 MPH) Mike Becerra scores Cornholdo Schwerin to third Runner from 3rd tries for Home, SAFE, no throw by CF
|
Pitching: RHP Steve Child
|
|
Batting: RHB Jonathan Davis
|
0-0: Foul Ball, location: 2F 0-1: Ball Wild Pitch! Randy Grewe to third 1-1: Ball 2-1: Foul Ball, location: 2F 2-2: Ground out 4-3 (Groundball, 4, EV 92.5 MPH) Randy Grewe scores
|
Batting: LHB Jamie Spangenberg
|
0-0: Ball 1-0: Swinging Strike 1-1: DOUBLE (Line Drive, 89M, EV 111.2 MPH)
|
Batting: RHB Mark Williams
|
0-0: Foul Ball, location: 2F 0-1: Foul Ball, location: 2F 0-2: Ball 1-2: Foul Ball, location: 2F 1-2: 2-RUN HOME RUN (Flyball, 89XD, EV 115.0 MPH), Distance : 436 ft
|
Batting: RHB Alex Juarez
|
0-0: Ball 1-0: Reached via error on a dropped throw from SS, E3 (Groundball, 6, EV 89.4 MPH)
|
Pinch Hitting: LHB Gabe Morales
|
0-0: Ball 1-0: Fielders Choice at 2nd, 6-4 (Groundball, 6, EV 78.8 MPH)
|
Top of the 7th over - 5 runs, 4 hits, 1 error, 1 left on base; Columbus 8 - Canton 1 |
BOTTOM OF THE 7TH |
Canton Indians batting - Pitching for Columbus Reds : RHP Gil Villanueva
|
Now at 1B: Teddy Bonaddio
|
|
Batting: LHB Sergei Stefanov
|
0-0: Called Strike 0-1: Swinging Strike 0-2: Ball 1-2: Foul Ball, location: 2F 1-2: Strikes out swinging
|
Pinch Hitting: RHB Jose Garduno
|
0-0: Called Strike 0-1: Ball 1-1: Swinging Strike 1-2: Strikes out swinging
|
Batting: RHB Tony Gonzales
|
0-0: Ball 1-0: Swinging Strike 1-1: Swinging Strike 1-2: Ball 2-2: Strikes out looking
|
Bottom of the 7th over - 0 runs, 0 hits, 0 errors, 0 left on base; Columbus 8 - Canton 1 |
TOP OF THE 8TH |
Columbus Reds batting - Pitching for Canton Indians : RHP Steve Child
|
Now at 2B: Jose Garduno
|
|
Batting: RHB Alex Villagomez
|
0-0: Ball 1-0: SINGLE (Line Drive, 8LS, EV 96.2 MPH)
|
Batting: LHB Mike Becerra
|
0-0: Ball 1-0: Foul Ball, location: 2F 1-1: Foul Ball, location: 2F 1-2: Ball 2-2: Fielders Choice at 2nd, 6-4 (Groundball, 56, EV 110.0 MPH)
|
Pinch Hitting: RHB Juan Zamora
|
0-0: Ball 1-0: Grounds into double play, 4-6-3 (Groundball, 34, EV 103.1 MPH)
|
Top of the 8th over - 0 runs, 1 hit, 0 errors, 0 left on base; Columbus 8 - Canton 1 |
BOTTOM OF THE 8TH |
Canton Indians batting - Pitching for Columbus Reds : RHP Gil Villanueva
|
Now in CF: Juan Zamora
|
|
Batting: LHB Mario Garza
|
0-0: Fly out, F8 (Flyball, 78D, EV 88.8 MPH)
|
Pinch Hitting: RHB Jaquan Brown
|
0-0: Swinging Strike 0-1: Foul Ball, location: 2F 0-2: Fly out, F8 (Flyball, 89M, EV 83.8 MPH)
|
Batting: RHB Aaron Stout
|
0-0: Ball 1-0: DOUBLE (Line Drive, 7LM, EV 105.0 MPH)
|
Batting: RHB Adam McMillen
|
0-0: Ground out 6-3 (Groundball, 6, EV 81.9 MPH)
|
Bottom of the 8th over - 0 runs, 1 hit, 0 errors, 1 left on base; Columbus 8 - Canton 1 |
TOP OF THE 9TH |
Columbus Reds batting - Pitching for Canton Indians : RHP Steve Child
|
Now in LF: Jaquan Brown
|
|
Now in CF: Mario Garza
|
|
Batting: RHB Randy Grewe
|
0-0: Ball 1-0: Fly out, F9 (Line Drive, 89S, EV 94.4 MPH)
|
Batting: RHB Jonathan Davis
|
0-0: Called Strike 0-1: Foul Ball, location: 2F 0-2: SINGLE (Line Drive, 6D, EV 96.9 MPH)
|
Batting: LHB Jamie Spangenberg
|
0-0: Ball 1-0: Foul Ball, location: 2F 1-1: Ball 2-1: SINGLE (Flyball, 5D, EV 91.2 MPH) Jonathan Davis to second
|
Batting: RHB Mark Williams
|
0-0: Called Strike 0-1: Foul Ball, location: 2F 0-2: Ball 1-2: Foul Ball, location: 2F 1-2: Strikes out looking
|
Batting: RHB Alex Juarez
|
0-0: Called Strike 0-1: Ball 1-1: Ball 2-1: Foul Ball, location: 2F 2-2: Strikes out looking
|
Top of the 9th over - 0 runs, 2 hits, 0 errors, 2 left on base; Columbus 8 - Canton 1 |
BOTTOM OF THE 9TH |
Canton Indians batting - Pitching for Columbus Reds : RHP Gil Villanueva
|
Pinch Hitting: RHB Esteban Rangel
|
0-0: Ball 1-0: Called Strike 1-1: Foul Ball, location: 2F 1-2: Ball 2-2: SINGLE (Groundball, 6D, EV 97.5 MPH)
|
Pitching: RHP Kevin Larner
|
|
Batting: SHB Luis de Leon
|
0-0: Ball 1-0: Called Strike 1-1: Foul Ball, location: 2F 1-2: Fly out, F7 (Flyball, 7LSF, EV 90.6 MPH)
|
Pinch Hitting: RHB Justin Teague
|
0-0: Ball 1-0: Called Strike 1-1: Ball 2-1: Foul Ball, location: 2F 2-2: Fielders Choice at 2nd, 6-4 (Groundball, 6, EV 102.5 MPH)
|
Pinch Hitting: LHB Mesfin Azagba
|
0-0: Ball 1-0: Foul Ball, location: 2F 1-1: 2-RUN HOME RUN (Flyball, 89XD, EV 113.8 MPH), Distance : 436 ft
|
Pinch Hitting: SHB Jay Rook
|
0-0: Called Strike 0-1: Called Strike 0-2: Ball 1-2: Ball 2-2: Ground out 6-3 (Groundball, 4, EV 83.1 MPH)
|
Bottom of the 9th over - 2 runs, 2 hits, 0 errors, 0 left on base; Columbus 8 - Canton 3 |
|